 Dungeon Crawl Stone Soup version 0.22-a0-553-g9358b0b (webtiles) character file.

832 CanOfBees the Gusty (level 7, 0/42 HPs)
             Began as a Tengu Air Elementalist on June 25, 2018.
             Was a Follower of Sif Muna.
             Slain by Edmund
             ... wielding a +2 dire flail of protection
              (7 damage)
             ... on level 5 of the Dungeon on June 26, 2018.
             The game lasted 00:16:13 (6024 turns).

CanOfBees the Gusty (Tengu Air Elementalist)        Turns: 6024, Time: 00:16:13

Health: 0/42       AC:  3    Str: 10    XL:     7   Next: 98%
Magic:  6/14       EV: 13    Int: 17    God:    Sif Muna [*.....]
Gold:   100        SH:  0    Dex: 15    Spells: 1/14 levels left

rFire    . . .     SeeInvis .   u - staff of wizardry
rCold    . . .     Gourm    .   (no shield)
rNeg     . . .     Faith    .   h - +0 robe
rPois    +         Spirit   .   (helmet restricted)
rElec    .         Reflect  .   (no cloak)
rCorr    .         Harm     .   d - +0 pair of gloves
MR       +....                  (boots unavailable)
Stlth    ++........             (no amulet)
HPRegen  0.14/turn              j - ring of poison resistance
MPRegen  0.14/turn              (no ring)

@: no status effects
A: beak, talons 3, magic resistance 1, strong 1, evolution 1, able to fly 1
a: Fly, Divine Energy, Renounce Religion


You were on level 5 of the Dungeon.
You worshipped Sif Muna.
Sif Muna was aware of your devotion.
You were not hungry.

You visited 1 branch of the dungeon, and saw 5 of its levels.

You collected 100 gold pieces.

Inventory:

Hand Weapons
 a - a +0 short sword
 b - a +0 long sword
 w - a +0 spear
 y - a +2 dagger of holy wrath
Missiles
 s - 7 silver javelins (quivered)
Armour
 d - a +0 pair of gloves (worn)
 h - a +0 robe (worn)
Magical Staves
 u - an uncursed staff of wizardry (weapon)
Jewellery
 i - an uncursed amulet of guardian spirit
 j - a ring of poison resistance (left hand)
 t - an uncursed amulet of magic regeneration {unknown}
Scrolls
 f - 2 scrolls of noise
 k - a scroll of blinking {unknown}
 l - a scroll of fog {unknown}
 m - 2 scrolls of teleportation
 n - a scroll of magic mapping {unknown}
 p - a scroll of amnesia {unknown}
 q - a scroll of remove curse {unknown}
 v - a scroll of random uselessness {unknown}
 x - a scroll of enchant armour {unknown}
Potions
 g - 2 potions of lignification
 o - a potion of heal wounds {unknown}
 r - a potion of curing
Comestibles
 c - 5 rations


   Skills:
 + Level 3.7 Fighting
 - Level 2.1 Dodging
 - Level 2.0 Stealth
 + Level 4.0 Spellcasting
 + Level 5.0 Conjurations
 + Level 6.6 Air Magic
 + Level 3.0 Invocations


You had one spell level left.
You knew the following spells:

 Your Spells              Type           Power        Failure   Level  Hunger
a - Shock                 Conj/Air       ###.         1%          1    None
b - Static Discharge      Conj/Air       ###.....     1%          3    ###....
c - Airstrike             Air            ####......   4%          4    ####...
d - Lightning Bolt        Conj/Air       ###.......   16%         5    ######.

Your spell library contained the following spells:

 Spells                   Type           Power        Failure   Level  Hunger
 Swiftness                Chrm/Air       ##......     2%          2    ##.....


Dungeon Overview and Level Annotations

Branches:
Dungeon (5/15)             Temple (0/1) D:5

Altars:
Cheibriados
Dithmenos
Elyvilon
Makhleb
Sif Muna
Wu Jian

Annotations:
D:5 Edmund


Innate Abilities, Weirdness & Mutations

You have a beak for a mouth.
You have claws for feet.
You can fly.
You are resistant to hostile enchantments. (MR+)
Your muscles are strong. (Str +2)
You evolve.


Message History

The zap hits Edmund.
Edmund is severely wounded.
Edmund hits you with a dire flail of protection!
Casting: Shock (safe; 1% risk of failure)
Confirm with . or Enter, or press ? or * to list all spells.
Aiming: Shock (safe; 1% risk of failure)
Press: ? - help, Shift-Dir - straight line The zap hits Edmund.
Edmund is severely wounded.
The zap misses Edmund.
Edmund grinds his teeth, and then sighs.
Edmund hits you with a dire flail of protection!
* * * LOW HITPOINT WARNING * * *
Okay, then.
It was a potion of mutation.
You feel extremely strange.
You feel nature experimenting on you.
Don't worry, failures die fast.
You feel stronger.
You feel resistant to hostile enchantments.
Edmund hits you with a dire flail of protection!
You die...

........ #.######.
#.#...... #####.#.####.
............. .
#####.#.####. ..
#.#.#####
#######.#####.#......
#..@@(.>.............
#.########......#####
#.#...# #......####.
#.#.#.# #......#....
#@#.#'####).....#....
####.#.............#....
#....#...............o#.
#....#........#######.#.
#.....#####...# #.#.


You could see Edmund.

Vanquished Creatures
  2 ice beasts (D:5)
  A necrophage (D:3)
  2 scorpions
  2 howler monkeys (D:5)
  2 orc priests
  A bullfrog skeleton (D:5)
  2 orc wizards (D:5)
  3 worker ants
  A hound zombie (D:5)
  8 adders
  A gnoll (D:5)
  A shadow imp (D:5)
  An adder skeleton (D:5)
  3 leopard geckos
  7 orcs
  5 giant cockroaches
  4 hobgoblins
  8 jackals
  3 quokkas
  4 bats (D:2)
  7 frilled lizards
  A giant cockroach zombie (D:5)
  6 goblins
  A jackal skeleton (D:5)
  5 kobolds
  A leopard gecko skeleton (D:4)
  10 rats
92 creatures vanquished.

Notes
Turn   | Place    | Note
-------+----------+-------------------------------------------
     0 | D:1      | CanOfBees the Tengu Air Elementalist began the quest for the Orb.
     0 | D:1      | Reached XP level 1. HP: 10/10 MP: 4/4
     6 | D:1      | Noticed a wyvern
     6 | D:1      | Noticed a swamp worm
     6 | D:1      | Noticed a wolf
     6 | D:1      | Noticed a killer bee
     6 | D:1      | Noticed a black bear
   494 | D:1      | Reached XP level 2. HP: 16/16 MP: 4/6
   901 | D:2      | Found a shadowy altar of Dithmenos.
   943 | D:2      | Found a faded altar of an unknown god.
  1000 | D:2      | Reached skill level 1 in Fighting
  1107 | D:2      | Reached XP level 3. HP: 20/20 MP: 3/7
  1399 | D:2      | Found a deep blue altar of Sif Muna.
  1403 | D:2      | Found a white marble altar of Elyvilon.
  1452 | D:2      | Learned a level 3 spell: Static Discharge
  1455 | D:2      | Became a worshipper of Sif Muna the Loreminder
  1985 | D:2      | Found a snail-covered altar of Cheibriados.
  1987 | D:2      | Found an ornate altar of the Wu Jian Council.
  2062 | D:3      | Found a burning altar of Makhleb.
  2494 | D:3      | Noticed a necrophage
  2526 | D:3      | Killed a necrophage
  2526 | D:3      | Reached skill level 5 in Air Magic
  2526 | D:3      | Reached skill level 1 in Invocations
  2526 | D:3      | Reached XP level 4. HP: 26/26 MP: 3/9
  2526 | D:3      | Gained mutation: You can fly. [Tengu growth]
  2526 | D:3      | Reached XP level 5. HP: 30/30 MP: 3/10
  3495 | D:4      | Reached XP level 6. HP: 33/36 MP: 5/11
  4102 | D:5      | Entered Level 5 of the Dungeon
  4238 | D:5      | Found a staircase to the Ecumenical Temple.
  4359 | D:5      | Reached * piety under Sif Muna
  4442 | D:5      | Learned a level 4 spell: Airstrike
  4446 | D:5      | Noticed an ice beast
  4454 | D:5      | Killed an ice beast
  4547 | D:5      | Reached XP level 7. HP: 40/40 MP: 8/13
  4688 | D:5      | Learned a level 5 spell: Lightning Bolt
  4898 | D:5      | Reached skill level 6 in Air Magic
  5677 | D:5      | Reached skill level 5 in Conjurations
  6000 | D:5      | Noticed Edmund
  6024 | D:5      | Gained mutation: You evolve. [potion of mutation]
  6024 | D:5      | Gained mutation: Your muscles are strong. (Str +2) [potion of mutation]
  6024 | D:5      | Gained mutation: You are resistant to hostile enchantments. (MR+) [potion of mutation]
  6024 | D:5      | Slain by Edmund

Vault maps used:
D:1:      onia_arrival_zoo_common, minmay_tree_intersection
D:2:      nicolae_dithmenos_shadow_blocks, grunt_temple_overflow_open,
          nicolae_overflow_hidden_temple,
          chequers_ecumenical_altar_simple_redux, minmay_pentomino_x4
D:3:      lemuel_round_altar
D:4:      first_ration
D:5:      minmay_temple_entry_overgrown, tso_altar, uniq_edmund

Skill      XL: |  1  2  3  4  5  6  7 |
---------------+----------------------+-----
Conjurations   | 2 3 4 5 |  5.0
Fighting       | 1 2 3 |  3.7
Air Magic      | 5 6 |  6.6
Invocations    | 1 2 3 |  3.0
Spellcasting   | 3 4 |  4.0
Dodging        | |  2.1
Stealth        | |  2.0

Action                   |  1- 3 |  4- 6 |  7- 9 || total
-------------------------+-------+-------+-------++-------
Melee: Short sword       |     2 |     2 |     3 ||     7
       Kick              |     1 |     3 |     1 ||     5
       Peck              |       |     1 |       ||     1
       Long sword        |       |     3 |       ||     3
 Cast: Shock             |    81 |    68 |    57 ||   206
       Static Discharge  |       |     2 |     6 ||     8
       Airstrike         |       |     2 |     3 ||     5
  Use: Scroll            |     2 |     2 |       ||     4
       Potion            |     1 |       |     1 ||     2
  Eat: Chunk             |     5 |     5 |     5 ||    15
       Ration            |       |     1 |       ||     1
Armor: Robe              |     2 |     2 |     8 ||    12
Dodge: Dodged            |     8 |    26 |    16 ||    50
       Rpst.: Long sword |       |     6 |       ||     6

Table legend:
 A = Spawn XP
 B = Non-spawn XP
 C = Spawn XP percentage of total XP
 D = Spawn monster count
 E = Non-spawn monster count
 F = Spawn count percentage of total count
 G = Total turns spent on level
                    A         B        C        D         E        F      G
               +---------+---------+-------+---------+---------+-------+---------
         Total |       0 |    1189 |   0.0 |       0 |      92 |   0.0 |  6024
               +---------+---------+-------+---------+---------+-------+---------
           D:1 |       0 |      23 |   0.0 |       0 |      16 |   0.0 |   954
           D:2 |       0 |      51 |   0.0 |       0 |      24 |   0.0 |  1096
           D:3 |       0 |     207 |   0.0 |       0 |      10 |   0.0 |  1095
           D:4 |       0 |     132 |   0.0 |       0 |      18 |   0.0 |  1065
           D:5 |       0 |     776 |   0.0 |       0 |      24 |   0.0 |  1814
               +---------+---------+-------+---------+---------+-------+---------
